 Dungeon Crawl Stone Soup version 0.17-a0-1570-g74b7129 (webtiles) character file.

188 volk64 the Skirmisher (level 5, 0/42 HPs)
             Began as a Demonspawn Abyssal Knight on July 23, 2015.
             Was a Believer of Lugonu.
             Slain by Xoff's ghost (11 damage)
             ... on level 3 of the Dungeon.
             The game lasted 00:18:27 (2575 turns).

volk64 the Skirmisher (Demonspawn Abyssal Knight)   Turns: 2575, Time: 00:18:27

Health: 0/42       AC:  9    Str: 13    XL:     5   Next: 39%
Magic:  7/7        EV:  5    Int: 14    God:    Lugonu [**....]
Gold:   184        SH:  3    Dex: 12    Spells: 0 memorised, 4 levels left

rFire  . . .     SeeInvis .     m - +0 trident
rCold  . . .     Clarity  .     q - +0 chain mail (curse)
rNeg   . . .     SustAt   +     n - +0 buckler
rPois  .         Gourm    .     (no helmet)
rElec  .         Spirit   .     (no cloak)
rCorr  +         Warding  .     (no gloves)
rMut   .         Stasis   .     (no boots)
MR     .....                    e - amulet of resist corrosion
Stlth  ..........               (no ring)
                                r - ring of sustain attributes

@: not resistant to hostile enchantments, extremely unstealthy
A: powered by death 1, spiny 1
a: Depart the Abyss, Bend Space, Renounce Religion


You were on level 3 of the Dungeon.
You worshipped Lugonu.
Lugonu was pleased with you.
You were not hungry.

You visited 1 branch of the dungeon, and saw 3 of its levels.
You visited the Abyss 1 time.

You collected 184 gold pieces.

Inventory:

Hand weapons
 a - a +1 hand axe
 g - a +0 spear
 m - a +0 trident (weapon)
Armour
 b - a +0 leather armour
 h - a +1 ring mail
 n - a +0 buckler (worn)
 q - a cursed +0 chain mail (worn)
Magical staves
 w - an uncursed staff of poison {unknown}
Jewellery
 e - an amulet of resist corrosion (around neck)
 r - a ring of sustain attributes (left hand)
Scrolls
 d - 3 scrolls of identify
 l - a scroll of magic mapping {unknown}
 p - a scroll of remove curse
 t - a scroll of fog
Potions
 f - a potion of haste {unknown}
 i - 3 potions of heal wounds
 k - a potion of cure mutation
 o - a potion of agility {unknown}
Comestibles
 c - 2 bread rations
 j - 5 fruits
 s - a meat ration
 u - a royal jelly
 v - 16 chunks of flesh


   Skills:
 + Level 4.0 Fighting
 + Level 2.2(2.3) Axes
 + Level 0.8(1.6) Polearms
 + Level 3.1 Armour
 + Level 2.2 Dodging
 + Level 0.2 Stealth
 + Level 3.1 Invocations


You had 4 spell levels left.
You didn't know any spells.

Dungeon Overview and Level Annotations

Branches:
Dungeon (3/15)

Altars:
Dithmenos
Makhleb

Annotations:
D:3 Xoff's ghost, average DsGl


Innate Abilities, Weirdness & Mutations

You regenerate a little health from kills.
You are partially covered in sharp spines.


Message History

Xoff's ghost hits you but does no damage.
You closely miss Xoff's ghost.
Xoff's ghost is severely damaged.
Xoff's ghost hits you.
Xoff's ghost wails, "There is no future for me!"
Xoff's ghost is struck by your spines.
Xoff's ghost hits you but does no damage.
You hit Xoff's ghost.
Xoff's ghost is almost destroyed.
Xoff's ghost keens inconsolably.
Xoff's ghost barely misses you.
You closely miss Xoff's ghost.
Xoff's ghost is almost destroyed.
Xoff's ghost hits you but does no damage.
You closely miss Xoff's ghost.
Xoff's ghost is almost destroyed.
Xoff's ghost hits you.
* * * LOW HITPOINT WARNING * * *
You are electrocuted!
You die...

......+..........##
####
###...##..##.###.#
..... #.......##.#
#.# .....
#....##..#.#
#.#..$...
######........
#.#...... ...#
#..#.....##.<......
##.#
#..#.#.#.##.#......
##.#
#..).....##W#.W....
##.# #.##.#..###@#
..... #.# #.# #.#
..... #.# ... ..##
#.# ##.## ### ##(#
#.# .#)# #.# .).#
#.# .### ... ##


You could see Xoff's ghost.

Vanquished Creatures
  A hound (D:3)
  A hound zombie (D:3)
  4 gnolls (D:3)
  4 adders
  2 worms
  2 giant geckos (D:1)
  4 orcs (D:3)
  2 ball pythons (D:3)
  4 bats
  2 giant cockroaches
  8 goblins
  6 hobgoblins
  7 kobolds
  5 giant newts
  7 jackals
  4 rats
63 creatures vanquished.

Notes
Turn   | Place    | Note
--------------------------------------------------------------
     0 | Abyss:1  | volk64 the Demonspawn Abyssal Knight began the quest for the Orb.
     0 | Abyss:1  | Reached XP level 1. HP: 18/18 MP: 2/2
    21 | Abyss:1  | Noticed a ynoxinul
    30 | D:1      | Escaped the Abyss
   283 | D:1      | Reached skill level 1 in Dodging
   589 | D:1      | Gained mutation: You regenerate a little health from kills. [demonic ancestry]
   589 | D:1      | Reached XP level 2. HP: 9/24 MP: 4/4
   615 | D:1      | Acquired Lugonu's first power
  1114 | D:1      | Reached XP level 3. HP: 27/29 MP: 5/5
  2166 | D:3      | Reached XP level 4. HP: 28/36 MP: 6/6
  2199 | D:3      | Found a shadowy altar of Dithmenos.
  2253 | D:3      | Acquired Lugonu's second power
  2332 | D:3      | Gained mutation: You are partially covered in sharp spines. [demonic ancestry]
  2332 | D:3      | Reached XP level 5. HP: 32/42 MP: 7/7
  2339 | D:3      | Found a burning altar of Makhleb.
  2553 | D:3      | Noticed Xoff's ghost (average DsGl)
  2560 | D:3      | Reached skill level 4 in Fighting
  2575 | D:3      | Slain by Xoff's ghost

Vault maps used:
D:1:      sevenhm_arrival_forest_fort_large_3
D:3:      grunt_dithmenos_smoke, nicolae_overflow_hidden_temple,
          makhleb_blood_cavern_becter

Action                   |  1- 3 |  4- 6 || total
-------------------------+-------+-------++-------
Melee: Hand axe          |   112 |       ||   112
       Trident           |    64 |    83 ||   147
Invok: Depart the Abyss  |     1 |       ||     1
  Use: Potion            |     2 |       ||     2
       Scroll            |     7 |       ||     7
  Eat: Chunk             |     4 |     2 ||     6
